 Dungeon Crawl Stone Soup version 0.28-a0-998-gb9e9c7b67e (webtiles) character file.

Game seed: 1145032081312469406

1551 DrunkBamboolord the Firebug (level 8, -10/43 HPs)
             Began as a Gargoyle Fire Elementalist on Dec 6, 2021.
             Was an Initiate of Vehumet.
             Shot with an arrow by a centaur (13 damage)
             ... on level 6 of the Dungeon.
             The game lasted 00:20:01 (6551 turns).

DrunkBamboolord the Firebug (GrFE)                  Turns: 6551, Time: 00:20:01

Health: -10/43     AC: 14    Str: 13    XL:     8   Next: 88%
Magic:  8/17       EV: 12    Int: 29    God:    Vehumet [......]
Gold:   207        SH:  0    Dex: 10    Spells: 9/19 levels left

rFire   + . .      SeeInvis .   o - +2 quarterstaff (chaos)
rCold   + . .      Faith    .   (shield currently unavailable)
rNeg    + . .      Spirit   .   a - +2 robe
rPois   ∞          Reflect  .   (no helmet)
rElec   +          Harm     .   p - +2 cloak
rCorr   +          Rampage  .   (no gloves)
Will    .....                   v - +1 pair of boots
Stlth   ++........              (no amulet)
HPRegen 0.14/turn               q - +6 ring of intelligence
MPRegen 0.15/turn               n - +6 ring of intelligence

@: resistant
A: sickness immunity, AC +5, negative energy resistance 1, electricity
resistance, torment resistance 1, petrification resistance
a: Renounce Religion


You were on level 6 of the Dungeon.
You worshipped Vehumet.
Vehumet was noncommittal.
You visited 2 branches of the dungeon, and saw 7 of its levels.

You collected 273 gold pieces.
You spent 66 gold pieces at shops.

Inventory:

Hand Weapons
 o - a +2 quarterstaff of chaos (weapon)
Missiles
 c - 3 boomerangs of dispersal
 d - a throwing net
Armour
 a - a +2 robe (worn)
 l - the +1 ring mail of the Secret Quests {+Blink rElec rPois rN+}
   (You found it on level 4 of the Dungeon)

   rElec:     It insulates you from electricity.
   rPois:     It protects you from poison.
   rN:        It protects you from negative energy.
   +Blink:    It lets you blink.
 p - a +2 cloak (worn)
 v - a +1 pair of boots (worn)
Jewellery
 n - a +6 ring of intelligence (right hand)
 q - a +6 ring of intelligence (left hand)
Wands
 u - a wand of acid (10)
Scrolls
 e - a scroll of vulnerability
 h - a scroll of magic mapping
 j - a scroll of summoning
 k - a scroll of amnesia
 r - 4 scrolls of immolation
Potions
 b - 4 potions of flight
 f - a potion of magic
 i - a potion of lignification {unknown}
 m - a potion of invisibility
 s - a potion of curing {unknown}
 t - a potion of resistance


   Skills:
 + Level 1.3 Fighting
 + Level 3.1 Staves
 * Level 3.2 Dodging
 + Level 3.0 Stealth
 * Level 6.0 Spellcasting
 * Level 3.9 Conjurations
 * Level 6.6 Fire Magic


You had 9 spell levels left.
You knew the following spells:

 Your Spells              Type           Power      Damage    Failure   Level
a - Foxfire               Conj/Fire      100%       2x1d9     1%          1
b - Scorch                Fire           94%        2d9       1%          2
c - Inner Flame           Hex/Fire       27%        N/A       4%          3
d - Flame Wave            Conj/Fire      39%        2d7       6%          4

Your spell library contained the following spells:

 Spells                   Type           Power      Damage    Failure   Level
 Conjure Flame            Conj/Fire      39%        6-21      1%          3
 Freeze                   Ice            32%        1d5       5%          1
 Frozen Ramparts          Ice            16%        1d3       17%         3
 Ozocubu's Armour         Ice            8%         N/A       17%         3
 Hailstorm                Conj/Ice       20%        3d6       26%         4
 Ozocubu's Refrigeration  Ice            4%         4d5       100%        7


Dungeon Overview and Level Annotations

Branches:
Dungeon (6/15)             Temple (1/1) D:6

Altars:
Cheibriados
Dithmenos
Elyvilon
Fedhas
Gozag
Hepliaklqana
Makhleb
Nemelex Xobeh
Okawaru
Qazlal
Ru
Sif Muna
Trog
Uskayaw
Vehumet
Wu Jian
Xom
Yredelemnul
Zin
The Shining One

Shops:
D:2 *   D:3 *


Innate Abilities, Weirdness & Mutations

You are immune to sickness and miasma.
Your stone body is resilient. (AC +5)
You are immune to poison.
You resist negative energy. (rN+)
You are resistant to electric shocks. (rElec)
You are resistant to unholy torment.
You are immune to petrification.


Message History

The iguana barely misses you.
A wave of flame ripples out!
The flame wave engulfs the steam dragon.
The steam dragon is moderately wounded.
The flame wave engulfs the iguana.
You kill the iguana!
Vehumet accepts your kill.
You finish channelling waves of flame.
You are engulfed in a cloud of scalding steam.
A centaur comes into view.
The steam dragon bites you! The steam dragon barely misses you.
The centaur wields a +0 shortbow.
The centaur shoots an arrow.
The arrow hits you but does no damage.
The centaur shoots an arrow.
The arrow hits you but does no damage.
The centaur shoots an arrow.
The arrow misses you.
There is an open door here.
Casting: Flame Wave (quite dangerous; 7% risk of failure)
Confirm with . or Enter, or press ? or * to list all spells.
Okay, then.
Casting: Flame Wave (quite dangerous; 7% risk of failure)
Confirm with . or Enter, or press ? or * to list all spells.
Flames lash the steam dragon.
The steam dragon is almost dead.
The steam dragon's fire resistance burns away.
The steam dragon breathes steam at you. The ball of steam hits you!
The steam dragon is no longer moving slowly.
Casting: Scorch (safe; 1% risk of failure)
Confirm with . or Enter, or press ? or * to list all spells.
Flames lash the steam dragon.
The steam dragon is burned terribly!
You kill the steam dragon!
Vehumet accepts your kill.
Your Spellcasting skill increases to level 6!
The centaur shoots an arrow.
The arrow hits you!
* * * LOW HITPOINT WARNING * * *
It was a potion of resistance.
You feel protected.
The centaur is engulfed in a cloud of scalding steam.
The centaur shoots an arrow.
The arrow hits you!
You die...

#.............#
#.............####
#.................
#...>...).........
#...h...h.....####
####'#'##.....#
#§c#.##...c.#
#.§#.##.....#
#§@#.##.......
#..#.##........
#..#.##........
#..#.# #..#.# #..#
#..# #..# #..#


You could see a centaur.

Vanquished Creatures
  Sigmund (D:4)
  A steam dragon (D:6)
  2 water moccasins (D:6)
  A black bear (D:5)
  A necrophage (D:5)
  An ogre (D:4)
  2 phantoms
  Blork the orc (D:4)
  A water moccasin skeleton (D:5)
  A howler monkey (D:6)
  2 centaur zombies (D:5)
  2 hounds
  A jelly (D:3)
  An orc priest (D:4)
  Crazy Yiuf (D:4)
  2 iguanas
  An orc wizard (D:3)
  A hound zombie (D:5)
  2 hound skeletons (D:4)
  A howler monkey zombie (D:4)
  4 adders
  An adder zombie (D:5)
  5 worms
  5 dart slugs
  7 orcs
  11 ball pythons
  5 bats
  10 endoplasms
  4 giant cockroaches
  3 hobgoblins
  4 jackals (D:2)
  4 quokkas
  2 frilled lizards (D:1)
  8 goblins
  12 kobolds
  4 rats
115 creatures vanquished.

Vanquished Creatures (others)
  149 foxfires
149 creatures vanquished.

Grand Total: 264 creatures vanquished

Notes
Turn   | Place    | Note
-------+----------+-------------------------------------------
     0 | D:1      | DrunkBamboolord the Gargoyle Fire Elementalist began the
                  | quest for the Orb.
     0 | D:1      | Reached XP level 1. HP: 10/10 MP: 3/3
   342 | D:1      | Reached XP level 2. HP: 15/15 MP: 1/5
   720 | D:1      | Reached XP level 3. HP: 19/19 MP: 3/6
   865 | D:1      | Learned a level 2 spell: Scorch
  1615 | D:2      | Reached XP level 4. HP: 24/24 MP: 2/7
  2307 | D:2      | Found Wuojeef's Assorted Antiques.
  2316 | D:2      | Bought a scroll labelled ASOATO LIYPO for 22 gold pieces
  2316 | D:2      | Bought a scroll of identify for 44 gold pieces
  2919 | D:3      | Found Gozag's Platinum Reserve.
  2919 | D:3      | Found an opulent altar of Gozag.
  2951 | D:3      | Reached XP level 5. HP: 27/28 MP: 5/9
  3440 | D:4      | Noticed Sigmund
  3444 | D:4      | Killed Sigmund
  3445 | D:4      | Reached XP level 6. HP: 29/32 MP: 1/11
  3498 | D:4      | Identified the +1 ring mail of the Secret Quests {+Blink
                  | rElec rPois rN+}
  4121 | D:4      | Reached skill level 5 in Fire Magic
  4123 | D:4      | Noticed Blork the orc
  4213 | D:4      | Killed Blork the orc
  4214 | D:4      | Reached XP level 7. HP: 36/36 MP: 6/13
  4604 | D:4      | Found a runed translucent door.
  4605 | D:4      | Noticed Crazy Yiuf
  4697 | D:4      | Killed Crazy Yiuf
  4714 | D:4      | Learned a level 3 spell: Inner Flame
  4719 | D:4      | Learned a level 4 spell: Flame Wave
  4847 | D:5      | Entered Level 5 of the Dungeon
  4854 | D:5      | Reached skill level 5 in Spellcasting
  5065 | D:5      | Reached skill level 1 in Staves
  5105 | D:5      | Reached XP level 8. HP: 37/41 MP: 15/15
  5880 | D:5      | Identified the +1 rapier "Fudiryuf" {venom, rElec Dex+3}
  5987 | D:6      | Reached skill level 1 in Fighting
  6038 | D:6      | Found a staircase to the Ecumenical Temple.
  6062 | Temple   | Entered the Ecumenical Temple
  6282 | Temple   | Became a worshipper of Vehumet
  6551 | D:6      | Shot with an arrow by a centaur

Illustrated notes

Levels and vault maps discovered:
D:1:      sevenhm_arrival_forest_fort_small_5, layout_rooms,
          minmay_misc_feat_ornament, item_on_display_a
D:2:      layout_basic, serial_shops, nicolae_shop_waterfront,
          minmay_split_cup_large
D:3:      layout_loops_ring, nicolae_gozag_zags_fifth_avenue
D:4:      layout_gridville, minmay_crystal_water, minivault_27,
          uniq_blork_the_orc, uniq_crazy_yiuf_cottage, uniq_sigmund
D:5:      layout_basic
D:6:      layout_basic, minmay_temple_entry_large_hall
Temple:   mainiacjoe_temple_hex_bubbles

Skill      XL: |  1  2  3  4  5  6  7  8 |
---------------+-------------------------+-----
Spellcasting   | 3 4 5 6 |  6.0
Fire Magic     | 4 5 6 |  6.6
Dodging        | 2 3 |  3.2
Conjurations   | 2 3 |  3.9
Staves         | 1 3 |  3.1
Fighting       | 1 |  1.3
Stealth        | 3 |  3.0

Action                   |  1- 3 |  4- 6 |  7- 9 || total
-------------------------+-------+-------+-------++-------
Melee: Unarmed           |    34 |    38 |     3 ||    75
       Quarterstaff      |       |       |    59 ||    59
 Cast: Foxfire           |    41 |    45 |     2 ||    88
       Scorch            |    14 |    51 |    34 ||    99
       Flame Wave        |       |       |     2 ||     2
  Use: Scroll            |     2 |     7 |     6 ||    15
       Potion            |       |     3 |     1 ||     4
 Stab: Sleeping          |       |       |     1 ||     1
Armor: Robe              |    33 |    31 |    35 ||    99
Dodge: Dodged            |    43 |    53 |    53 ||   149

Table legend: (Time is in decaauts)
 A = Elapsed time spent in this place.
 B = Non-inter-level travel time spent in this place.
 C = Inter-level travel time spent in this place.
 D = Time resting spent in this place.
 E = Time spent auto-exploring this place.
 F = Levels seen in this place.
 G = Mean time per level.
                   A        B        C        D        E       F      G
               +--------+--------+--------+--------+--------+-----+--------+
         Total |   6571 |   6311 |    260 |    567 |   4569 |   7 |  938.7 |
       Dungeon |   6328 |   6091 |    237 |    567 |   4353 |   6 | 1054.7 |
        Temple |    242 |    219 |     23 |      0 |    216 |   1 |  242.0 |
               +--------+--------+--------+--------+--------+-----+--------+

Top non-repeatable levels by time:
     D:3: 1571 daAuts
     D:2: 1248 daAuts
     D:1: 1084 daAuts
     D:5: 1070 daAuts
     D:4: 952 daAuts
     D:6: 402 daAuts
  Temple: 242 daAuts
